cohdb
Replays
Latest Replays
All Replays
Popular Replays
Top Player Replays
Match Explorer
How It Works
Community
CoH3 Stats
Reddit
Sign in to upload your games and track your stats! →
Sign in with Steam
Match 43510424
Unlisted
Match 43510424
Overview
Messages
Build Orders
End
Kradschützen Motorcycle Team
Selects Panzerjäger Kommand Battlegroup
Selects Mine Fields
Panzergrenadier Squad
250 Light Carrier
Panzerpioneer Squad
Construct Light Support Kompanie
Combat Half-tracks
Selects GrB 39 Grenade Launcher Requisition
Fire Support Elements
MG34 Team
Veteran Squad Leaders
Panzergrenadier Squad
Panzerjäger Mechanized Group
2.5-tonne Medical Truck
Construct Panzerarmee Kommand
Selects Defensive Positions
Panzer III L Medium Tank
Panzer III L Medium Tank
le.IG 18 Mechanized Group
Panzer III L Medium Tank
Emergency Repair Kits
Armored Reserves
Selects Crew Shock Tactics
Panzer IV Assault Group
Selects Elefant Tank Destroyer
Flak 36 Anti-tank Gun Team
Crew Shock Tactics
Panzer IV Assault Group
jooooooohn
只愛❤毛妹
0
0
Comments
sign in to comment!
No comments posted yet!